 Dungeon Crawl Stone Soup version 0.29-a0-330-g52719c12eb (webtiles) character file.

Game seed: 7649350269636574634

193237 Symeon the Tortoise (level 18, 0/149 HPs)
             Began as a Djinni Earth Elementalist on May 16, 2022.
             Was a High Priest of Ashenzari.
             Slain by a swamp dragon (1 damage)
             ... on level 4 of the Swamp.
             The game lasted 01:12:37 (52279 turns).

Symeon the Tortoise (Djinni Earth Elementalist)    Turns: 52279, Time: 01:12:37

Health: 0/149      AC: 13    Str:  5    XL:     18   Next: 95%
Gold:   691        EV: 23    Int: 24    God:    Ashenzari [*****.] SH: 22 Dex: 32

rFire   + + .      SeeInvis +   b - +3 long sword (holy)
rCold   . . .      Faith    .   q - +0 kite shield of Toth-Mos's Legacy {Self, Melee} (curse)
rNeg    . . .      Spirit   .   m - +2 robe of the Ensconced Anxiety {Will+, Self, Fort} (curse)
rPois   ∞          Reflect  +   R - +0 helmet "Malaise of Ashenzari" {Evo, Self} (curse)
rElec   .          Harm     .   k - +1 cloak "Clairvoyant Loss" {Will+ Dex+5, Self, Melee} (curse)
rCorr   .          Rampage  .   F - +1 pair of gloves
Will    ++++.      Clarity  +   (boots unavailable)
Stlth   +++.......              x - amulet of the Revealing Oblivion {Reflect Will+ Str-2 Dex+6 SH+5, Fort, Melee} (curse)
HPRegen 0.34/turn               e - ring "Eternal Embarrassment" {Dex+6, Evo, Melee} (curse)
MPRegen 0.00/turn               w - ring "Shackled Lethargy" {rC+, Melee, Self} (curse)

@: about to teleport, flying, studying 2 skills
A: sickness immunity, fire resistance 2, cold vulnerability 1, float, innate
caster, HP casting, extra vitality 1, MP-powered wands
}: 1/15 runes: serpentine
a: Renounce Religion, Curse Item, Shatter the Chains


You were on level 4 of the Swamp.
You worshipped Ashenzari.
Ashenzari was extremely pleased with you.
You visited 6 branches of the dungeon, and saw 29 of its levels.
You also visited: Sewer and Bailey.

You collected 2885 gold pieces.
You spent 2194 gold pieces at shops.

Inventory:

Hand Weapons
 b - a +3 long sword of holy wrath (weapon)
 M - a +0 long sword
Missiles
 a - 851 stones
Armour
 c - a +0 tower shield
 k - the cursed +1 cloak "Clairvoyant Loss" (worn) {Will+ Dex+5, Self, Melee}
   (You found it in a bailey)

   Dex:       It affects your dexterity (+5).
   Will:      It increases your willpower.
   It has a curse which improves the following skills: Introspection: Fighting
   and Spellcasting.
   Melee Combat: Short Blades, Long Blades, Axes, Maces & Flails, Polearms,
   Staves and Unarmed Combat.
 m - the cursed +2 robe of the Ensconced Anxiety (worn) {Will+, Self, Fort}
   (You took it off Sigmund on level 2 of the Dungeon)

   It has a curse which improves the following skills: Introspection: Fighting
   and Spellcasting.
   Fortitude: Armour and Shields.
 n - a +2 robe of cold resistance
 q - the cursed +0 kite shield of Toth-Mos's Legacy (worn) {Self, Melee}
   (You took it off a gnoll sergeant on level 9 of the Dungeon)

   It has a curse which improves the following skills: Introspection: Fighting
   and Spellcasting.
   Melee Combat: Short Blades, Long Blades, Axes, Maces & Flails, Polearms,
   Staves and Unarmed Combat.
 F - a +1 pair of gloves (worn)
 R - the cursed +0 helmet "Malaise of Ashenzari" (worn) {Evo, Self}
   (You found it on level 1 of the Lair of Beasts)

   It has a curse which improves the following skills: Evocations: Evocations.
   Introspection: Fighting and Spellcasting.
 T - the +1 robe of Vines {NoPotionHeal Regen++++}
   (You found it on level 1 of the Lair of Beasts)

   Its wearer cannot be healed by potions.
   Regen:     It increases your rate of health regeneration.
Jewellery
 d - a ring of ice
 e - the cursed ring "Eternal Embarrassment" (left hand) {Dex+6, Evo, Melee}
   (You found it on level 1 of the Dungeon)

   [ring of dexterity]

   Dex:       It affects your dexterity (+6).
   It has a curse which improves the following skills: Evocations: Evocations.
   Melee Combat: Short Blades, Long Blades, Axes, Maces & Flails, Polearms,
   Staves and Unarmed Combat.
 w - the cursed ring "Shackled Lethargy" (right hand) {rC+, Melee, Self}
   (You found it on level 4 of the Lair of Beasts)

   [ring of protection from cold]

   rC:        It protects you from cold.
   It has a curse which improves the following skills: Melee Combat: Short
   Blades, Long Blades, Axes, Maces & Flails, Polearms, Staves and Unarmed
   Combat.
   Introspection: Fighting and Spellcasting.
 x - the cursed amulet of the Revealing Oblivion (around neck) {Reflect Will+ Str-2 Dex+6 SH+5, Fort, Melee}
   (You acquired it on level 1 of the Lair of Beasts)

   [amulet of reflection]

   It reflects blocked missile attacks.
   Str:       It affects your strength (-2).
   Dex:       It affects your dexterity (+6).
   SH:        It affects your SH (+5).
   Will:      It increases your willpower.
   It has a curse which improves the following skills: Fortitude: Armour and
   Shields.
   Melee Combat: Short Blades, Long Blades, Axes, Maces & Flails, Polearms,
   Staves and Unarmed Combat.
 E - a +6 ring of strength
 Q - the amulet "Uhoath" {Acrobat rPois}
   (You found it on level 3 of the Snake Pit)

   [amulet of the acrobat]

   It increases your evasion while moving and waiting.
   rPois:     It protects you from poison.
 W - a ring of positive energy
Wands
 f - a wand of iceblast (35)
 i - a wand of paralysis (15)
 K - a wand of digging (17)
 L - a wand of flame (38)
 N - a wand of polymorph (11)
 Y - a wand of mindburst (9)
 Z - a wand of acid (4)
Scrolls
 g - 3 scrolls of magic mapping
 j - 5 scrolls of brand weapon
 l - 4 scrolls of noise
 p - 3 scrolls of torment
 t - a scroll of immolation
 u - 10 scrolls of amnesia
 v - 3 scrolls of fear
 y - 5 scrolls of fog
 D - 5 scrolls of silence
 G - 4 scrolls of enchant armour
 H - a scroll of teleportation
 O - 2 scrolls of holy word
 P - 4 scrolls of enchant weapon
Potions
 o - 3 potions of invisibility
 r - 9 potions of attraction
 s - 9 potions of curing
 z - 4 potions of haste
 A - 2 potions of berserk rage
 B - 4 potions of brilliance
 C - a potion of heal wounds
 S - 2 potions of might
 U - a potion of cancellation
 X - 4 potions of mutation
Miscellaneous
 J - a phial of floods
 V - a tin of tremorstones (2/2)


   Skills:
 + Level 13.7(20.1) Fighting
 - Level 14.8(21.1) Long Blades
 + Level 15.1(18.5) Armour
 - Level 10.0 Dodging
 - Level 1.5 Stealth
 - Level 11.5(14.9) Shields
 - Level 12.5(18.9) Spellcasting
 - Level 7.0(10.5) Evocations


You had 13 spell levels left.
You knew the following spells:

 Your Spells              Type           Power      Damage    Failure   Level
a - Sandblast             Erth           100%       2d20      0%          1
b - Passwall              Tmut/Erth      70%        N/A       0%          2
c - Stone Arrow           Conj/Erth      100%       3d13      0%          3
d - Petrify               Tmut/Erth      85%        N/A       0%          4
e - Shock                 Conj/Air       100%       1d9       0%          1
f - Searing Ray           Conj           100%       2d8       0%          2
g - Ozocubu's Armour      Ice            85%        N/A       0%          3
h - Summon Guardian Gole  Hex/Summ       85%        N/A       0%          3
i - Iskenderun's Mystic   Conj/Tloc      85%        2d17      0%          4
j - Borgnjor's Vile Clut  Necr/Erth      42%        N/A       1%          5
k - Iron Shot             Conj/Erth      42%        9d8       1%          6
l - Ozocubu's Refrigerat  Ice            42%        4d13      1%          7
Your spell library was empty.

Dungeon Overview and Level Annotations

Branches:
Dungeon (12/15)            Temple (1/1) D:4            Lair (6/6) D:8
  Swamp (4/4) Lair:2        Snake (4/4) Lair:3        Slime (0/5) Lair:5
    Orc (2/2) D:9             Elf (0/3) Orc:2         Sewer (visited)
 Bailey (visited)

Altars:
Ashenzari
Cheibriados
Dithmenos
Elyvilon
Fedhas
Gozag
Hepliaklqana
Kikubaaqudgha
Makhleb
Nemelex Xobeh
Okawaru
Qazlal
Ru
Sif Muna
Trog
Uskayaw
Vehumet
Wu Jian
Xom
Yredelemnul
Zin
The Shining One
Jiyva

Shops:
Orc:1 (   Orc:2 (:(=***!   Snake:2 :=:   Snake:3 :

Annotations:
D:3 2 runed translucent doors, eyesofgods1's ghost, amateur DsFi
Lair:1 1 transporter
Lair:5 1 runed translucent door
Snake:4 Asterion


Innate Abilities, Weirdness & Mutations

You are immune to sickness and miasma.
You are immune to poison.
Your flesh is very heat resistant. (rF++)
You are vulnerable to cold. (rC-)
You float through the air rather than walking.
You learn spells naturally, not from books.
Your magical power is your life essence.
You have superior vitality. (+4 MHP)
You expend health (3 HP) to strengthen your wands.


Message History

Aim: a shambling mangrove (severely damaged, 98% to hit)
The iron shot hits the shambling mangrove!!!
You destroy the shambling mangrove!
The bog body points at you and mumbles some strange words.
You resist with almost no effort. The swamp drake breathes poison at you.
The noxious blast misses you. The swamp drake closely misses you.
You block the swamp drake's attack.
Unknown command.
As you read the scroll of teleportation, it crumbles to dust.
You feel strangely unstable.
The hornet is engulfed in noxious fumes.
The hornet appears confused.
You block the bog body's attack. The swamp drake breathes poison at you.
The noxious blast misses you. You block the swamp drake's attack.
The swamp drake closely misses you.
You hit the swamp dragon.
The swamp dragon is lightly wounded.
The bog body touches you! The bog body freezes you!
* * * LOW HITPOINT WARNING * * *
The hornet stings the swamp dragon but does no damage.
The eight-headed hydra roars!
You slice the swamp dragon!!
The swamp dragon is moderately wounded.
You hear a roar!
The swamp dragon completely misses you. You block the swamp dragon's attack. x2
You block the swamp drake's attack. x2; The swamp drake misses you.
The bog body touches you!
* * * LOW HITPOINT WARNING * * *
The bog body freezes you!
* * * LOW HITPOINT WARNING * * *
The hornet buzzes around in tight circles.
The swamp dragon completely misses you. You block the swamp dragon's attack. x2
You block the swamp drake's attack. The swamp drake closely misses you.
The swamp drake bites you!
* * * LOW HITPOINT WARNING * * *
The bog body touches you but does no damage.
Unknown command.
You block the swamp dragon's attack. x2; The swamp dragon tramples you.
You die...

.≈.....≈≈♣....♣♣≈ ........≈..≈≈≈.
≈)..≈≈≈≈.♣♣ ..♣ * ♣≈.....≈≈.≈≈...
...≈≈.≈♣♣♣** ** *,♣♣♣♣♣♣♣....≈≈≈§
≈≈..≈♣♣♣♣ * * ** ♣♣.§≈.≈≈≈
≈≈≈.♣♣♣♣♣ ♣♣♣♣♣#### * #♣♣≈.≈...
≈≈≈≈≈≈♣♣♣ ♣♣♣###### *∆ #♣≈..≈.≈
≈≈≈≈≈.♣♣♣♣♣♣♣♣##y.y##♣≈.♣ #♣♣≈...
≈≈≈≈≈.♣♣♣.≈♣♣##kkD.≈≈≈.≈. *♣♣≈≈.≈
.≈.≈≈.≈≈...♣♣##k@#..≈≈≈≈.{ ♣≈..≈.
.≈<.......♣♣♣#♣n#####...≈{ ♣....≈
....≈≈≈..≈≈♣##♣≈≈.≈≈##.≈.##♣♣.≈..
...≈≈≈.♣♣≈♣♣##...≈≈≈§##.###♣♣≈≈..
.≈≈≈≈♣♣♣♣♣♣ #≈≈D.###≈.#####♣.≈..≈
.≈≈≈..♣.≈.♣♣#..###k##≈.####♣..≈..
≈.......≈≈≈♣#§.*#≈DD##.≈###♣.÷.≈≈
≈.≈..≈≈≈≈≈♣♣#≈. ≈.D.#♣.÷÷§.....≈
♣♣♣≈.≈≈≈≈≈♣ #≈≈, {D≈i#≈♣.÷≈≈.≈§..


You could see an eight-headed hydra, a swamp dragon, a bog body, 2 hornets and 3
swamp drakes.

Vanquished Creatures
  Mara (Snake:4)
  Saint Roka (Snake:2)
  Vashnia (Snake:4)
  Mlioglotl (Swamp:1)
  2 thorn hunters
  3 fenstrider witches
  15 nagarajas
  An orc warlord (D:9)
  Aizul (Snake:4)
  Louise (Snake:1)
  Nessos (Lair:6)
  2 eleionomae
  3 dire elephants (Lair:6)
  5 bunyips
  2 shambling mangroves
  Fannar (Orc:1)
  13 naga warriors
  2 ghost crabs (Swamp:1)
  15 hydras
  A salamander tyrant (Snake:4)
  3 two-headed ogres
  11 anacondas
  6 alligators
  A death knight (D:11)
  4 death yaks
  12 naga sharpshooters
  5 shock serpents
  2 spriggan berserkers (Swamp:4)
  Sonja (Orc:1)
  2 salamander mystics
  A spectral anaconda (Lair:6)
  7 swamp dragons
  2 goliath frogs
  4 spriggan druids
  4 naga ritualists
  6 bog bodies
  An obsidian statue (Lair:6)
  4 necromancers (Lair:6)
  6 mana vipers
  A manticore (Lair:6)
  12 salamanders
  2 orc sorcerers
  An oklob plant (Lair:1)
  6 orc knights
  19 elephants
  6 will-o-the-wisps
  12 naga magi
  8 guardian serpents
  3 torpor snails
  24 black mambas
  4 gargoyles
  14 cane toads
  Maggie (D:6)
  An unseen horror (D:12)
  Psyche (D:10)
  10 komodo dragons
  7 rime drakes
  A kobold demonologist (D:7)
  10 hornets
  4 bloated husks
  4 trolls
  6 tyrant leeches
  8 blink frogs
  4 polar bears
  2 dream sheep (Lair:4)
  Sigmund (D:2)
  9 spriggans
  A shadow (D:10)
  12 wyverns
  26 yaks
  11 basilisks
  A dire elephant simulacrum (Lair:6)
  2 wraiths (D:11)
  7 vampire mosquitoes (Swamp:1)
  4 wargs (Orc:1)
  A death yak simulacrum (Lair:6)
  16 swamp worms
  A spectral cane toad (Lair:6)
  34 nagas
  15 water moccasins
  A hell hound (Lair:6)
  5 acid dragons
  A meliai simulacrum (D:12)
  A sky beast (D:8)
  Pargi (Sewer)
  11 swamp drakes
  6 black bears
  43 orc warriors
  An elephant zombie (Lair:6)
  An ice beast (D:7)
  6 ogres
  19 centaurs
  An elephant skeleton (Lair:6)
  9 wolves
  2 kobold brigands
  12 bullfrogs
  A gnoll sergeant (D:9)
  5 scorpions
  A necrophage (D:5)
  A cane toad simulacrum (Lair:6)
  15 killer bees
  An elephant simulacrum (Lair:6)
  2 electric eels
  3 jellies
  A hound (D:4)
  15 orc priests
  Jessica (D:3)
  4 iguanas
  Terence (D:3)
  20 orc wizards
  6 hell rats
  Robin (D:3)
  18 gnolls
  A river rat (D:6)
  8 adders
  2 shadow imps
  An ufetubus (D:6)
  2 dart slugs
  62 orcs
  7 ball pythons
  11 endoplasms
  2 giant cockroaches
  29 goblins
  11 hobgoblins
  2 jackals (D:3)
  18 kobolds
  6 quokkas
  14 bats
  3 frilled lizards
  5 rats
  A briar patch (Swamp:2)
867 creatures vanquished.

Vanquished Creatures (collateral kills)
  2 slime creatures (D:11)
2 creatures vanquished.

Vanquished Creatures (others)
  2 hornets (Swamp:1)
  2 briar patches
  9 foxfires
  29 fungi
  46 plants
  19 withered plants (Lair:6)
107 creatures vanquished.

Grand Total: 976 creatures vanquished

Notes
Turn   | Place    | Note
-------+----------+-------------------------------------------
     0 | D:1      | Symeon the Djinni Earth Elementalist began the quest for
                  | the Orb.
     0 | D:1      | Reached XP level 1. HP: 15/15 MP: 0/0
   300 | D:1      | Reached XP level 2. HP: 21/21 MP: 0/0
   364 | D:1      | Found a faded altar of an unknown god.
   807 | D:1      | Reached XP level 3. HP: 20/25 MP: 0/0
   807 | D:1      | Learned a level 1 spell: Shock
  1914 | D:2      | Reached XP level 4. HP: 30/31 MP: 0/0
  2055 | D:2      | Noticed Sigmund
  2069 | D:2      | Killed Sigmund
  2070 | D:2      | Reached skill level 5 in Spellcasting
  2070 | D:2      | Reached XP level 5. HP: 7/35 MP: 0/0
  2070 | D:2      | Learned a level 2 spell: Searing Ray
  2070 | D:2      | Reached XP level 6. HP: 9/40 MP: 0/0
  2617 | D:3      | Noticed Robin
  2927 | D:3      | Killed Robin
  3237 | D:3      | Noticed Jessica
  3240 | D:3      | Killed Jessica
  3358 | D:3      | Noticed Terence
  3364 | D:3      | Killed Terence
  3400 | D:3      | Found a runed translucent door.
  3401 | D:3      | Noticed eyesofgods1's ghost (amateur DsFi)
  3781 | D:3      | Found a runed translucent door.
  3863 | D:4      | Reached XP level 7. HP: 42/45 MP: 0/0
  3863 | D:4      | Learned a level 3 spell: Ozocubu's Armour
  3923 | D:4      | Found a staircase to the Ecumenical Temple.
  3939 | D:4      | Reached skill level 1 in Fighting
  3947 | Temple   | Entered the Ecumenical Temple
  4102 | Temple   | Became a worshipper of Ashenzari the Shackled
  4229 | D:4      | Found a blossoming altar of Fedhas.
  4250 | D:4      | Noticed a wyvern
  4257 | D:4      | Killed a wyvern
  4258 | D:4      | Reached XP level 8. HP: 10/58 MP: 0/0
  4848 | D:5      | Entered Level 5 of the Dungeon
  4900 | D:5      | Reached skill level 5 in Fighting
  5799 | D:6      | Reached XP level 9. HP: 48/69 MP: 0/0
  5799 | D:6      | Learned a level 3 spell: Summon Guardian Golem
  6313 | D:6      | Found a glowing drain.
  6329 | Sewer    | Entered a sewer
  6412 | Sewer    | Noticed Pargi
  6418 | Sewer    | Killed Pargi
  6622 | D:6      | Found a burning altar of Makhleb.
  7294 | D:6      | Found a white marble altar of Elyvilon.
  7294 | D:6      | Found a glowing silver altar of Zin.
  7296 | D:6      | Found a glowing golden altar of the Shining One.
  7579 | D:6      | Noticed Maggie
  7586 | D:6      | Killed Maggie
  7587 | D:6      | Reached skill level 10 in Fighting
  7587 | D:6      | Reached skill level 1 in Evocations
  7683 | D:6      | Reached * piety under Ashenzari
  8138 | D:6      | Found an iron altar of Okawaru.
  8546 | D:7      | Noticed a kobold demonologist
  8551 | D:7      | Killed a kobold demonologist
  8552 | D:7      | Reached XP level 10. HP: 52/81 MP: 0/0
  8888 | D:7      | Reached skill level 5 in Evocations
  9082 | D:7      | Found a shimmering altar of Xom.
  9516 | D:8      | Reached ** piety under Ashenzari
  9520 | D:8      | Found a staircase to the Lair.
  9657 | D:8      | Found a flagged portal.
  9668 | Bailey   | Entered a bailey
  9729 | Bailey   | Noticed an orc knight
  9837 | Bailey   | Killed an orc knight
 10331 | Bailey   | Identified the +1 cloak "Uzxeahur" {Will+ Dex+5}
 11221 | D:8      | Reached skill level 5 in Dodging
 11226 | D:8      | Reached XP level 11. HP: 63/86 MP: 0/0
 11226 | D:8      | Learned a level 4 spell: Iskenderun's Mystic Blast
 11665 | D:9      | Found a hazy altar of Hepliaklqana.
 11670 | D:9      | Found a basalt altar of Yredelemnul.
 11708 | D:9      | Found a staircase to the Orcish Mines.
 11739 | D:9      | Noticed a two-headed ogre
 11745 | D:9      | Killed a two-headed ogre
 12330 | D:9      | Found a shadowy altar of Dithmenos.
 12331 | D:9      | Found a bloodstained altar of Trog.
 12783 | D:10     | Entered Level 10 of the Dungeon
 12903 | D:10     | Reached skill level 1 in Shields
 13050 | D:10     | Found a hide-covered altar of Uskayaw.
 13421 | D:10     | Noticed Psyche
 13426 | D:10     | Killed Psyche
 14612 | D:11     | Noticed a death knight
 14617 | D:11     | Killed a death knight
 14731 | D:11     | Reached XP level 12. HP: 82/94 MP: 0/0
 14948 | D:11     | Reached skill level 5 in Shields
 15760 | D:11     | Identified a scroll of acquirement
 16186 | Lair:1   | Entered Level 1 of the Lair of Beasts
 16324 | Lair:1   | Found a transporter.
 16612 | Lair:1   | Found a transporter.
 16612 | Lair:1   | Identified the ring "Vulisus" {Will+ Str+2 Int+6}
 16616 | Lair:1   | Noticed a four-headed hydra
 16620 | Lair:1   | Killed a four-headed hydra
 16621 | Lair:1   | Reached skill level 2 in Armour
 16703 | Lair:1   | Found the +1 robe of Vines {NoPotionHeal Regen++++}
 16707 | Lair:1   | Noticed an eight-headed hydra
 16722 | Lair:1   | Killed an eight-headed hydra
 16723 | Lair:1   | Reached skill level 3 in Armour
 16878 | Lair:1   | Reached skill level 4 in Armour
 17184 | Lair:1   | Found a bloodstained altar of Trog.
 17996 | Lair:1   | Acquired the amulet of the Impish Apricot {Reflect Will+
                  | Str-2 Dex+6 SH+5}
 18091 | Lair:1   | Reached skill level 5 in Armour
 18478 | Lair:2   | Found a gate leading to a gauntlet.
 18487 | Lair:2   | Reached skill level 6 in Armour
 18499 | Lair:2   | Reached XP level 13. HP: 57/99 MP: 0/0
 18499 | Lair:2   | Learned a level 5 spell: Borgnjor's Vile Clutch
 19137 | Lair:1   | Reached skill level 7 in Armour
 19638 | Lair:2   | Reached skill level 8 in Armour
 19719 | Lair:2   | Reached skill level 9 in Armour
 20333 | Lair:2   | Found a staircase to the Swamp.
 20716 | Lair:2   | Reached *** piety under Ashenzari
 21639 | Lair:3   | Noticed an eight-headed hydra
 21644 | Lair:3   | Killed an eight-headed hydra
 21862 | Lair:3   | Found a staircase to the Snake Pit.
 22444 | Lair:3   | Gained mutation: You are frail. (-10% HP) [potion of
                  | mutation]
 22444 | Lair:3   | Gained mutation: You have hidden genetic defects. [potion
                  | of mutation]
 22445 | Lair:3   | Lost mutation: You are frail. (-10% HP) [potion of
                  | mutation]
 22445 | Lair:3   | Lost mutation: You have hidden genetic defects. [potion of
                  | mutation]
 22445 | Lair:3   | Gained mutation: You sometimes lose the ability to read
                  | scrolls when taking damage. [potion of mutation]
 22445 | Lair:3   | Gained mutation: You are agile. (Dex +2) [potion of
                  | mutation]
 22446 | Lair:3   | Lost mutation: You sometimes lose the ability to read
                  | scrolls when taking damage. [potion of mutation]
 22446 | Lair:3   | Lost mutation: You are agile. (Dex +2) [potion of mutation]
 22446 | Lair:3   | Gained mutation: You expend health (3 HP) to strengthen
                  | your wands. [potion of mutation]
 23232 | Lair:4   | Reached **** piety under Ashenzari
 23739 | Lair:5   | Found a runed translucent door.
 23739 | Lair:5   | Found a viscous altar of Jiyva.
 24063 | Lair:5   | Reached XP level 14. HP: 77/117 MP: 0/0
 24623 | Lair:5   | Found a staircase to the Slime Pits.
 24826 | Lair:5   | Reached ***** piety under Ashenzari
 25631 | Lair:6   | Entered Level 6 of the Lair of Beasts
 25682 | Lair:6   | Noticed Nessos
 25690 | Lair:6   | Killed Nessos
 25691 | Lair:6   | Reached skill level 1 in Long Blades
 25691 | Lair:6   | Reached skill level 10 in Dodging
 27084 | Lair:6   | Reached skill level 5 in Long Blades
 27112 | Lair:6   | Identified the Volume of the Stallion
 27762 | Lair:6   | Noticed a dire elephant
 27763 | Lair:6   | Noticed a dire elephant
 28546 | Lair:6   | Killed a dire elephant
 29023 | Lair:6   | Killed a dire elephant
 29228 | Lair:6   | Noticed a dire elephant
 29247 | Lair:6   | Killed a dire elephant
 29412 | Lair:6   | Reached XP level 15. HP: 107/124 MP: 0/0
 29412 | Lair:6   | Learned a level 6 spell: Iron Shot
 30090 | Orc:1    | Entered Level 1 of the Orcish Mines
 30092 | Orc:1    | Noticed Fannar
 30097 | Orc:1    | Noticed an orc warlord
 30105 | Orc:1    | Killed Fannar
 30120 | D:9      | Killed an orc warlord
 30750 | Orc:1    | Found Roful's Weapon Emporium.
 30771 | Orc:1    | Noticed Sonja
 30776 | Orc:1    | Killed Sonja
 30988 | Orc:2    | Entered Level 2 of the Orcish Mines
 30988 | Orc:2    | Found a staircase to the Elven Halls.
 31312 | Orc:2    | Found Puups's Antique Weapon Shoppe.
 31759 | Orc:2    | Found Niteru's Distillery.
 31768 | Orc:2    | Found Log Upa's General Store.
 31800 | Orc:2    | Bought 2 potions of haste for 240 gold pieces
 31800 | Orc:2    | Bought 2 potions of heal wounds for 120 gold pieces
 31927 | Orc:2    | Bought a potion of heal wounds for 50 gold pieces
 31967 | Orc:2    | Reached skill level 10 in Spellcasting
 32545 | Orc:2    | Found Asyichoch's Assorted Antiques.
 32545 | Orc:2    | Found Nelior's Assorted Antiques.
 32547 | Orc:2    | Found Jeskeleo's Jewellery Shop.
 32549 | Orc:2    | Found Foonwuoh's Jewellery Emporium.
 32553 | Orc:2    | Bought a potion of mutation for 200 gold pieces
 32554 | Orc:2    | Bought a scroll of immolation for 112 gold pieces
 32554 | Orc:2    | Bought 2 scrolls of teleportation for 192 gold pieces
 32693 | Orc:2    | Found Erruporr's Book Boutique.
 32797 | Orc:2    | Found Salea's Weapon Boutique.
 33432 | Snake:1  | Entered Level 1 of the Snake Pit
 34268 | Snake:1  | Noticed Louise
 34281 | Snake:1  | Reached skill level 10 in Long Blades
 34281 | Snake:1  | Killed Louise
 35018 | Snake:2  | Noticed a nagaraja
 35024 | Snake:2  | Killed a nagaraja
 35333 | Snake:2  | Reached XP level 16. HP: 69/130 MP: 0/0
 35748 | Snake:2  | Found Ycufajij's Book Emporium.
 35760 | Snake:2  | Found Inel's Book Emporium.
 35760 | Snake:2  | Found Owinn's Jewellery Boutique.
 37889 | Snake:3  | Noticed Saint Roka
 38215 | Snake:2  | Killed Saint Roka
 38216 | Snake:2  | Reached skill level 10 in Shields
 38813 | Snake:3  | Noticed a nagaraja
 38819 | Snake:3  | Killed a nagaraja
 39453 | Snake:3  | Found Urost's Self-Improvement Boutique.
 39463 | Snake:3  | Bought a manual of Armour for 1280 gold pieces
 39521 | Snake:3  | Reached skill level 10 in Armour
 39853 | Snake:3  | Identified the amulet "Uhoath" {Acrobat rPois}
 40028 | Snake:4  | Entered Level 4 of the Snake Pit
 40198 | Snake:3  | Reached skill level 11 in Armour
 40685 | Snake:4  | Noticed a nagaraja
 40968 | Snake:4  | Noticed Mara
 40971 | Snake:4  | Reached skill level 12 in Armour
 40971 | Snake:4  | Identified the +4 leather armour "Eseta" {Rampage rF+ rC+
                  | Str-2}
 40979 | Snake:4  | Noticed Symeon's illusion
 41487 | Snake:4  | Noticed Vashnia
 41514 | Snake:4  | Killed Vashnia
 41515 | Snake:4  | Reached skill level 13 in Armour
 41515 | Snake:4  | Reached XP level 17. HP: 45/136 MP: 0/0
 41515 | Snake:4  | Learned a level 7 spell: Ozocubu's Refrigeration
 41808 | Snake:4  | Killed Mara
 42389 | Snake:4  | Noticed Aizul
 42395 | Snake:4  | Killed Aizul
 42768 | Snake:4  | Noticed Asterion
 44401 | Snake:4  | Got a serpentine rune of Zot
 45708 | Swamp:1  | Entered Level 1 of the Swamp
 46117 | Swamp:1  | Reached XP level 18. HP: 98/143 MP: 0/0
 46460 | Swamp:1  | Noticed Mlioglotl
 46467 | Swamp:1  | Killed Mlioglotl
 47383 | Swamp:2  | Identified the +1 robe of Death Resistance {Fly Int-2
                  | Dex+2}
 50377 | Swamp:4  | Entered Level 4 of the Swamp
 51299 | Swamp:4  | Reached skill level 14 in Armour
 52266 | Swamp:4  | Reached skill level 15 in Armour
 52278 | Swamp:4  | HP: 1/149 [swamp drake (10)]
 52279 | Swamp:4  | Slain by a swamp dragon

Illustrated notes

Levels and vault maps discovered:
D:1:      wheals_arrival_shading, layout_basic,
          dreamdust_ecumenical_altar_grove, grunt_decor_one_mirror
D:2:      layout_loops_corners, hangedman_decor_clover_reticule, uniq_sigmund
D:3:      minmay_recursive_quarters, layout_basic, ebering_ghost_sewer_f,
          eino_curves_01, minivault_23, uniq_jessica, uniq_terence, uniq_robin
D:4:      layout_rooms, overflow_temple_1_default, minmay_temple_entry_statues,
          corexii_item_surrounded_by_moat
D:5:      layout_gridville, mainiacjoe_overflow_surrounded_room
D:6:      layout_layer_cave, good_gods_temple_1, mainiacjoe_overflow_chevrons,
          mainiacjoe_overflow_alcove_4, cheibrodos_sewer_entry_sluice,
          minmay_crystal_room, minmay_ogre_servants, uniq_maggie
D:7:      layout_basic, mainiacjoe_overflow_six_doors_small
D:8:      layout_basic, lair_entry_dummy, enter_bailey_3
D:9:      layout_basic, grunt_temple_overflow_open,
          mainiacjoe_overflow_catwalk_spiral
D:10:     layout_irregular_city, mainiacjoe_overflow_alcove_2, uniq_psyche
D:11:     layout_roguey, kiku_gazebo_pond_becter
D:12:     layout_loops_cross, serial_ice, serial_ice_n, serial_ice_c,
          serial_ice_l, serial_ice_o
Temple:   kb_temple_of_zot
Lair:1:   gammafunk_worm_tunnel, layout_cave_shapes, basic_altar, st_stairs_6,
          hellmonk_guarded_unrand_vines
Lair:2:   layout_hall_layers, nicolae_swamp_entry_splash_gauntlet,
          gauntlet_entry_generic, minmay_holes, beast_lair_carwin_3
Lair:3:   layout_layer_cave, dummy_snake_entry
Lair:4:   layout_roguey, grunt_megastairs_2, serial_bayou_shore_b
Lair:5:   layout_regular_city, slime_altar_2, grunt_forest_stairs_clearing
Lair:6:   due_jungle_book, layout_layer_cave, portal_ice_cave_entry_pillars_1,
          nicolae_volcano_entry_two_sided, special_room
          [special_room_mythical_zoo], lemuel_fruit_tree, uniq_nessos
Swamp:1:  layout_basic_swamp, evilmike_swamp_ruin_house_2, uniq_mlioglotl
Swamp:2:  layout_basic_swamp, nicolae_swamp_dense_foliage,
          infiniplex_staircase_pool
Swamp:3:  layout_basic_swamp, infiniplex_staircase_pool_2
Swamp:4:  swamp_basic_johnstein, layout_basic_swamp, swamp_pool5
Snake:1:  layout_misc_corridors, uniq_louise
Snake:2:  layout_grid_shapes, minmay_shop_grove
Snake:3:  layout_rooms, nicolae_shop_self_help, serial_bayou_shore_b,
          uniq_saint_roka
Snake:4:  grunt_snake_rune_spirals, layout_onion, uniq_asterion, uniq_vashnia,
          uniq_aizul, uniq_mara
Orc:1:    layout_caves, serial_shops, nicolae_shop_bloodbath_and_beyond,
          uniq_fannar, uniq_sonja
Orc:2:    st_orc_rangers, layout_diamond_mine, serial_shops, shop,
          nicolae_shop_crystal, shop_statue, shop, nicolae_diamond_shop

Skill      XL: |  1  2  3  4  5  6  7  8  9 10 11 12 13 14 15 16 17 18 |
---------------+-------------------------------------------------------+-----
Spellcasting   | 3 5 6 7 8 10 12 | 12.5
Fighting       | 4 7 10 11 13 | 13.7
Evocations     | 4 7 |  7.0
Dodging        | 5 7 8 10 | 10.0
Shields        | 4 8 9 11 | 11.5
Armour         | 6 9 13 15 | 15.1
Long Blades    | 7 10 12 14 | 14.8
Stealth        | |  1.5

Action                   |  1- 3 |  4- 6 |  7- 9 | 10-12 | 13-15 | 16-18 || total
-------------------------+-------+-------+-------+-------+-------+-------++-------
Melee: Spear             |    31 |    12 |       |       |       |       ||    43
       Punch             |     1 |       |       |     1 |       |       ||     2
       Short sword       |       |       |    35 |    16 |       |       ||    51
       Flail             |       |       |       |    23 |    32 |       ||    55
       Long sword        |       |       |       |       |   141 |   224 ||   365
 Cast: Sandblast         |    35 |    62 |    31 |     2 |       |       ||   130
       Stone Arrow       |       |     6 |   109 |   295 |   364 |       ||   774
       Shock             |       |     2 |       |       |     1 |       ||     3
       Ozocubu's Armour  |       |       |     1 |     1 |     1 |       ||     3
       Summon Guardian G |       |       |       |     1 |       |       ||     1
       Iskenderun's Myst |       |       |       |     3 |    50 |       ||    53
       Borgnjor's Vile C |       |       |       |       |    11 |    16 ||    27
       Iron Shot         |       |       |       |       |   121 |   385 ||   506
       Ozocubu's Refrige |       |       |       |       |       |    51 ||    51
Invok: Curse Item        |       |       |     2 |     2 |     6 |     1 ||    11
       Shatter the Chain |       |       |       |     1 |     1 |     2 ||     4
Evoke: Wand              |       |       |       |       |     7 |     4 ||    11
       Phial of floods   |       |       |       |       |     1 |     1 ||     2
       Tin of tremorston |       |       |       |       |       |     1 ||     1
  Use: Scroll            |       |       |       |     9 |     1 |    13 ||    23
       Potion            |       |       |       |     1 |     5 |     5 ||    11
 Stab: Sleeping          |     1 |     1 |       |       |       |       ||     2
Armor: Robe              |     8 |    14 |    36 |    40 |    47 |    50 ||   195
Dodge: Dodged            |    20 |    37 |    65 |   134 |   227 |   265 ||   748
Block: Kite shield       |       |       |       |    77 |   579 |   507 ||  1163
       Reflection        |       |       |       |       |    82 |    65 ||   147

Table legend: (Time is in decaauts)
 A = Elapsed time spent in this place.
 B = Non-inter-level travel time spent in this place.
 C = Inter-level travel time spent in this place.
 D = Time resting spent in this place.
 E = Time spent auto-exploring this place.
 F = Levels seen in this place.
 G = Mean time per level.
                   A        B        C        D        E       F      G
               +--------+--------+--------+--------+--------+-----+--------+
         Total |  52309 |  50454 |   1855 |   7754 |  36661 |  31 | 1687.4 |
       Dungeon |  15565 |  15118 |    447 |   1343 |  12133 |  12 | 1297.1 |
        Temple |    186 |    156 |     30 |      0 |    144 |   1 |  186.0 |
          Lair |  14356 |  13572 |    784 |   2042 |   9920 |   6 | 2392.7 |
         Swamp |   6243 |   6074 |    169 |    764 |   4607 |   4 | 1560.8 |
     Snake Pit |  12209 |  11950 |    259 |   3002 |   7604 |   4 | 3052.2 |
  Orcish Mines |   2741 |   2577 |    164 |    603 |   1508 |   2 | 1370.5 |
         Sewer |    186 |    186 |      0 |      0 |    155 |   1 |  186.0 |
        Bailey |    820 |    820 |      0 |      0 |    590 |   1 |  820.0 |
               +--------+--------+--------+--------+--------+-----+--------+

Top non-repeatable levels by time:
 Snake:4: 4213 daAuts
 Snake:2: 3418 daAuts
  Lair:6: 3390 daAuts
  Lair:1: 3024 daAuts
 Snake:3: 2934 daAuts
  Lair:5: 2248 daAuts
 Swamp:1: 2216 daAuts
  Lair:2: 2109 daAuts
     D:6: 2083 daAuts
 Swamp:4: 1892 daAuts
  Lair:4: 1890 daAuts
     D:9: 1844 daAuts
  Lair:3: 1693 daAuts
 Snake:1: 1642 daAuts
    D:10: 1582 daAuts
